TOP OF THE 1ST |
Houston Astros batting - Pitching for Seattle Mariners : RHP Bas Kooy
|
Pitching: RHP Bas Kooy
|
|
Batting: RHB Jeremy Trump
|
0-0: Called Strike 0-1: Foul Ball, location: 2F 0-2: Foul Ball, location: 2F 0-2: Ball 1-2: Ball 2-2: Strikes out looking
|
Batting: RHB Josh Froyd
|
0-0: Ball 1-0: Swinging Strike 1-1: Foul Ball, location: 2F 1-2: Ball 2-2: Ball 3-2: SINGLE (Line Drive, 56, EV 98.8 MPH)
|
Batting: SHB Joe Gardner
|
0-0: Ball 1-0: Ball 2-0: Fly out, F8 (Flyball, 8LM, EV 93.8 MPH)
|
Batting: LHB Angelo Vasquez
|
0-0: Ball 1-0: Ball Josh Froyd is caught stealing 2nd base 2-6
|
Top of the 1st over - 0 runs, 1 hit, 0 errors, 0 left on base; Houston 0 - Seattle 0 |
BOTTOM OF THE 1ST |
Seattle Mariners batting - Pitching for Houston Astros : RHP Brian Lynch
|
Pitching: RHP Brian Lynch
|
|
Batting: RHB Pavpv Ivanushkin
|
0-0: Ball 1-0: Called Strike 1-1: Ground out 5-3 (Groundball, 5D, EV 85.6 MPH)
|
Batting: RHB Kaeo Zirpoli
|
0-0: Called Strike 0-1: Swinging Strike 0-2: Ball 1-2: Ball 2-2: Ball 3-2: Strikes out swinging
|
Batting: SHB Floyd-William Goof
|
0-0: Called Strike 0-1: Ball 1-1: Ball 2-1: SINGLE (Groundball, 3S, EV 66.9 MPH) (infield hit)
|
Batting: LHB Bi-jun Chien
|
0-0: Ball Wild Pitch! Floyd-William Goof to second 1-0: Called Strike 1-1: Ball 2-1: Fly out, F7 (Flyball, 7, EV 91.2 MPH)
|
Bottom of the 1st over - 0 runs, 1 hit, 0 errors, 1 left on base; Houston 0 - Seattle 0 |
TOP OF THE 2ND |
Houston Astros batting - Pitching for Seattle Mariners : RHP Bas Kooy
|
Batting: LHB Angelo Vasquez
|
0-0: Called Strike 0-1: Ball 1-1: Called Strike 1-2: Ground out 4-3 (Groundball, 4, EV 101.2 MPH)
|
Batting: RHB Eric Chotkowski
|
0-0: Swinging Strike 0-1: Foul Ball, location: 2F 0-2: Strikes out swinging
|
Batting: LHB Chris Cabrera
|
0-0: Ball 1-0: Called Strike 1-1: Swinging Strike 1-2: Strikes out swinging
|
Top of the 2nd over - 0 runs, 0 hits, 0 errors, 0 left on base; Houston 0 - Seattle 0 |
BOTTOM OF THE 2ND |
Seattle Mariners batting - Pitching for Houston Astros : RHP Brian Lynch
|
Batting: RHB Jose Vasquez
|
0-0: Ball 1-0: SOLO HOME RUN (Flyball, 7D, EV 98.8 MPH), Distance : 368 ft
|
Batting: RHB Harutomi Matsubara
|
0-0: Ball 1-0: Called Strike 1-1: Swinging Strike 1-2: Ground out 4-3 (Groundball, 4, EV 83.1 MPH)
|
Batting: RHB Jimmy Hammertime
|
0-0: Foul Ball, location: 2F 0-1: Ball 1-1: Ball 2-1: DOUBLE (Line Drive, 78D, EV 105.6 MPH)
|
Batting: LHB Jerrod Cluck
|
0-0: Called Strike 0-1: Ground out 6-3 (Groundball, 56, EV 101.2 MPH)
|
Batting: RHB Young-kwang Ohnn
|
0-0: Ground out 6-3 (Groundball, 6MD, EV 79.4 MPH)
|
Bottom of the 2nd over - 1 run, 2 hits, 0 errors, 1 left on base; Houston 0 - Seattle 1 |
TOP OF THE 3RD |
Houston Astros batting - Pitching for Seattle Mariners : RHP Bas Kooy
|
Batting: SHB Troy Kenyon
|
0-0: Ball 1-0: Ball 2-0: Ground out U3 (Groundball, 3, EV 85.6 MPH)
|
Batting: RHB Antonio Aranda
|
0-0: Ball 1-0: SOLO HOME RUN (Flyball, 7D, EV 100.0 MPH), Distance : 385 ft
|
Batting: LHB Shigeru Ono
|
0-0: Foul Ball, location: 2F 0-1: Ball 1-1: Swinging Strike 1-2: Strikes out swinging
|
Batting: RHB Jeremy Trump
|
0-0: Fly out, F8 (Line Drive, 8RM, EV 104.4 MPH)
|
Top of the 3rd over - 1 run, 1 hit, 0 errors, 0 left on base; Houston 1 - Seattle 1 |
BOTTOM OF THE 3RD |
Seattle Mariners batting - Pitching for Houston Astros : RHP Brian Lynch
|
Batting: RHB Pavpv Ivanushkin
|
0-0: Ball 1-0: Called Strike 1-1: Fly out, F8 (Flyball, 8RM, EV 83.8 MPH)
|
Batting: RHB Kaeo Zirpoli
|
0-0: Called Strike 0-1: Ball 1-1: Ball 2-1: Foul Ball, location: 2F 2-2: Strikes out swinging
|
Batting: SHB Floyd-William Goof
|
0-0: Ball 1-0: Ball 2-0: Swinging Strike 2-1: Ball 3-1: Base on Balls
|
Batting: LHB Bi-jun Chien
|
0-0: Fly out, F9 (Flyball, 9S, EV 88.1 MPH)
|
Bottom of the 3rd over - 0 runs, 0 hits, 0 errors, 1 left on base; Houston 1 - Seattle 1 |
TOP OF THE 4TH |
Houston Astros batting - Pitching for Seattle Mariners : RHP Bas Kooy
|
Batting: RHB Josh Froyd
|
0-0: Ball 1-0: Ball 2-0: Called Strike 2-1: Foul Ball, location: 2F 2-2: SINGLE (Groundball, 56D, EV 98.8 MPH)
|
Batting: SHB Joe Gardner
|
0-0: Ball 1-0: Foul Ball, location: 2F 1-1: Called Strike 1-2: Grounds into double play, 4-6-3 (Groundball, 4D, EV 101.9 MPH)
|
Batting: LHB Angelo Vasquez
|
0-0: Ball 1-0: Ball 2-0: Foul Ball, location: 2F 2-1: Foul Ball, location: 2F 2-2: SOLO HOME RUN (Flyball, 9D, EV 98.1 MPH), Distance : 375 ft
|
Batting: RHB Eric Chotkowski
|
0-0: Called Strike 0-1: Ball 1-1: Ball 2-1: Ground out 5-3 (Groundball, 5, EV 106.9 MPH)
|
Top of the 4th over - 1 run, 2 hits, 0 errors, 0 left on base; Houston 2 - Seattle 1 |
BOTTOM OF THE 4TH |
Seattle Mariners batting - Pitching for Houston Astros : RHP Brian Lynch
|
Batting: RHB Jose Vasquez
|
0-0: Called Strike 0-1: Ball 1-1: Called Strike 1-2: Ball 2-2: Fly out, F8 (Flyball, 8LD, EV 93.1 MPH)
|
Batting: RHB Harutomi Matsubara
|
0-0: Called Strike 0-1: Ground out U3 (Groundball, 34, EV 79.4 MPH)
|
Batting: RHB Jimmy Hammertime
|
0-0: Ball 1-0: Ground out 6-3 (Groundball, 6, EV 86.2 MPH)
|
Bottom of the 4th over - 0 runs, 0 hits, 0 errors, 0 left on base; Houston 2 - Seattle 1 |
TOP OF THE 5TH |
Houston Astros batting - Pitching for Seattle Mariners : RHP Bas Kooy
|
Batting: LHB Chris Cabrera
|
0-0: Foul Ball, location: 2F 0-1: Ball 1-1: Foul Ball, location: 2F 1-2: Ball 2-2: Fly out, F5 (Line Drive, 5, EV 68.1 MPH)
|
Batting: SHB Troy Kenyon
|
0-0: SINGLE (Line Drive, 78S, EV 91.9 MPH)
|
Batting: RHB Antonio Aranda
|
0-0: Swinging Strike 0-1: Ball 1-1: Called Strike 1-2: Ball 2-2: Strikes out looking
|
Batting: LHB Shigeru Ono
|
0-0: Foul Ball, location: 2F 0-1: Ball 1-1: Swinging Strike 1-2: Ball 2-2: Foul Ball, location: 2F 2-2: Ball 3-2: DOUBLE (Flyball, 8LXD, EV 104.4 MPH) Troy Kenyon to third Troy Kenyon scores
|
Batting: RHB Jeremy Trump
|
0-0: Called Strike 0-1: Swinging Strike 0-2: Ball 1-2: Ball 2-2: Strikes out looking
|
Top of the 5th over - 1 run, 2 hits, 0 errors, 1 left on base; Houston 3 - Seattle 1 |
BOTTOM OF THE 5TH |
Seattle Mariners batting - Pitching for Houston Astros : RHP Brian Lynch
|
Batting: LHB Jerrod Cluck
|
0-0: Ball 1-0: Called Strike 1-1: Ball 2-1: SINGLE (Groundball, 56, EV 105.0 MPH)
|
Batting: RHB Young-kwang Ohnn
|
0-0: Grounds into double play, U6-3 (Groundball, 4MS, EV 84.4 MPH)
|
Batting: RHB Pavpv Ivanushkin
|
0-0: Swinging Strike 0-1: Ball 1-1: Ball 2-1: Foul Ball, location: 2F 2-2: Fly out, F7 (Flyball, 7, EV 84.4 MPH)
|
Bottom of the 5th over - 0 runs, 1 hit, 0 errors, 0 left on base; Houston 3 - Seattle 1 |
TOP OF THE 6TH |
Houston Astros batting - Pitching for Seattle Mariners : RHP Bas Kooy
|
Batting: RHB Josh Froyd
|
0-0: Called Strike 0-1: Called Strike 0-2: Ball 1-2: Ground out 6-3 (Groundball, 6, EV 85.6 MPH)
|
Batting: SHB Joe Gardner
|
0-0: Ball 1-0: Called Strike 1-1: DOUBLE (Groundball, 3L, EV 103.8 MPH)
|
Batting: LHB Angelo Vasquez
|
0-0: Foul Ball, location: 2F 0-1: Ball 1-1: Ball Passed Ball! Joe Gardner to third 2-1: 2-RUN HOME RUN (Flyball, 89XD, EV 101.9 MPH), Distance : 397 ft
|
Pitching: RHP Aidan Martin
|
|
Batting: RHB Eric Chotkowski
|
0-0: Called Strike 0-1: Ball 1-1: Called Strike 1-2: Ball 2-2: Fly out, F3 (Popup, 3SF, EV 75.0 MPH)
|
Batting: LHB Chris Cabrera
|
0-0: Ball 1-0: Ground out 6-3 (Groundball, 6, EV 91.2 MPH)
|
Top of the 6th over - 2 runs, 2 hits, 0 errors, 0 left on base; Houston 5 - Seattle 1 |
BOTTOM OF THE 6TH |
Seattle Mariners batting - Pitching for Houston Astros : RHP Brian Lynch
|
Batting: RHB Kaeo Zirpoli
|
0-0: SINGLE (Groundball, 6MD, EV 107.5 MPH)
|
Batting: SHB Floyd-William Goof
|
0-0: Ball 1-0: Swinging Strike 1-1: Called Strike 1-2: Ball 2-2: SINGLE (Line Drive, 5D, EV 105.0 MPH) Kaeo Zirpoli to second
|
Batting: LHB Bi-jun Chien
|
0-0: Ball 1-0: Ball 2-0: Called Strike 2-1: Foul Ball, location: 2F 2-2: Strikes out swinging
|
Batting: RHB Jose Vasquez
|
0-0: Ball 1-0: Called Strike 1-1: Foul Ball, location: 2F 1-2: Ground out 5-3 (Groundball, 56S, EV 64.4 MPH) Kaeo Zirpoli to third Floyd-William Goof to second
|
Batting: RHB Harutomi Matsubara
|
0-0: Called Strike 0-1: Ball 1-1: Ball 2-1: Ball 3-1: Called Strike 3-2: Base on Balls
|
Batting: RHB Jimmy Hammertime
|
0-0: Foul Ball, location: 2F 0-1: Ground out 4-3 (Groundball, 4, EV 86.9 MPH)
|
Bottom of the 6th over - 0 runs, 2 hits, 0 errors, 3 left on base; Houston 5 - Seattle 1 |
TOP OF THE 7TH |
Houston Astros batting - Pitching for Seattle Mariners : RHP Aidan Martin
|
Batting: SHB Troy Kenyon
|
0-0: Foul Ball, location: 2F 0-1: Called Strike 0-2: Ball 1-2: Ball 2-2: Foul Ball, location: 2F 2-2: Strikes out swinging
|
Batting: RHB Antonio Aranda
|
0-0: Ball 1-0: Ground out 6-3 (Groundball, 56D, EV 98.1 MPH)
|
Batting: LHB Shigeru Ono
|
0-0: Ball 1-0: Called Strike 1-1: Ball 2-1: Ball 3-1: Ground out 1-3 (Groundball, 15S, EV 68.8 MPH)
|
Top of the 7th over - 0 runs, 0 hits, 0 errors, 0 left on base; Houston 5 - Seattle 1 |
BOTTOM OF THE 7TH |
Seattle Mariners batting - Pitching for Houston Astros : RHP Brian Lynch
|
Batting: LHB Jerrod Cluck
|
0-0: Called Strike 0-1: Ball 1-1: Ball 2-1: Ball 3-1: Base on Balls
|
Batting: RHB Young-kwang Ohnn
|
0-0: Ball 1-0: Ball 2-0: Foul Ball, location: 2F 2-1: Foul Ball, location: 2F 2-2: Strikes out looking
|
Batting: RHB Pavpv Ivanushkin
|
0-0: Ball 1-0: Ball 2-0: Ball 3-0: Called Strike 3-1: Foul Ball, location: 2F 3-2: Foul Ball, location: 2F 3-2: Base on Balls Jerrod Cluck to second
|
Pitching: RHP Josh Holloway
|
|
Batting: RHB Kaeo Zirpoli
|
0-0: Ball 1-0: Fly out, F7 (Flyball, 7, EV 94.4 MPH)
|
Batting: SHB Floyd-William Goof
|
0-0: Ball 1-0: Called Strike 1-1: Ball 2-1: Foul Ball, location: 2F 2-2: Fly out, F7 (Line Drive, 7S, EV 99.4 MPH)
|
Bottom of the 7th over - 0 runs, 0 hits, 0 errors, 2 left on base; Houston 5 - Seattle 1 |
TOP OF THE 8TH |
Houston Astros batting - Pitching for Seattle Mariners : RHP Aidan Martin
|
Batting: RHB Jeremy Trump
|
0-0: Ground out 1-3 (Groundball, 34S, EV 73.8 MPH)
|
Batting: RHB Josh Froyd
|
0-0: Ball 1-0: Called Strike 1-1: Called Strike 1-2: Strikes out swinging
|
Batting: SHB Joe Gardner
|
0-0: Ball 1-0: Ball 2-0: Ball 3-0: Base on Balls
|
Batting: LHB Angelo Vasquez
|
0-0: Called Strike 0-1: Called Strike Joe Gardner steals 2nd base 0-2: Ball 1-2: Ball 2-2: Ball 3-2: Base on Balls
|
Batting: RHB Eric Chotkowski
|
0-0: Foul Ball, location: 2F 0-1: Ball 1-1: Fly out, F9 (Flyball, 9LM, EV 106.2 MPH)
|
Top of the 8th over - 0 runs, 0 hits, 0 errors, 2 left on base; Houston 5 - Seattle 1 |
BOTTOM OF THE 8TH |
Seattle Mariners batting - Pitching for Houston Astros : RHP Josh Holloway
|
Batting: LHB Bi-jun Chien
|
0-0: Ball 1-0: Swinging Strike 1-1: Swinging Strike 1-2: Fly out, F7 (Flyball, 7D, EV 84.4 MPH)
|
Batting: RHB Jose Vasquez
|
0-0: Ball 1-0: Foul Ball, location: 2F 1-1: Ball 2-1: Foul Ball, location: 2F 2-2: Ball 3-2: SINGLE (Groundball, 6MD, EV 93.8 MPH)
|
Batting: RHB Harutomi Matsubara
|
0-0: DOUBLE (Groundball, 5L, EV 102.5 MPH) Jose Vasquez to third Runner from 3rd tries for Home, SAFE, throw by LF to home
|
Batting: RHB Jimmy Hammertime
|
0-0: Called Strike 0-1: Ground out 6-3 (Groundball, 6, EV 93.1 MPH) Harutomi Matsubara to third
|
Batting: LHB Jerrod Cluck
|
0-0: SINGLE (Groundball, 4, EV 99.4 MPH) Harutomi Matsubara scores
|
Batting: RHB Young-kwang Ohnn
|
0-0: Ball 1-0: SINGLE (Line Drive, 7S, EV 98.1 MPH) Jerrod Cluck to second
|
Batting: RHB Pavpv Ivanushkin
|
0-0: Foul Ball, location: 2F 0-1: Foul Ball, location: 2F 0-2: Strikes out swinging
|
Bottom of the 8th over - 2 runs, 4 hits, 0 errors, 2 left on base; Houston 5 - Seattle 3 |
TOP OF THE 9TH |
Houston Astros batting - Pitching for Seattle Mariners : RHP Aidan Martin
|
Pitching: RHP Omar Colunga
|
|
Batting: LHB Chris Cabrera
|
0-0: Ball 1-0: Called Strike 1-1: Ball 2-1: Fly out, F8 (Flyball, 8LS, EV 91.9 MPH)
|
Batting: SHB Troy Kenyon
|
0-0: Ground out 4-3 (Groundball, 4, EV 100.6 MPH)
|
Batting: RHB Antonio Aranda
|
0-0: Ball 1-0: Ball 2-0: Called Strike 2-1: Called Strike 2-2: Foul Ball, location: 2F 2-2: Strikes out looking
|
Top of the 9th over - 0 runs, 0 hits, 0 errors, 0 left on base; Houston 5 - Seattle 3 |
BOTTOM OF THE 9TH |
Seattle Mariners batting - Pitching for Houston Astros : RHP Josh Holloway
|
Pitching: RHP Bill Dillard
|
|
Batting: RHB Kaeo Zirpoli
|
0-0: Ball 1-0: Foul Ball, location: 2F 1-1: Ball 2-1: SINGLE (Line Drive, 89S, EV 90.6 MPH)
|
Batting: SHB Floyd-William Goof
|
0-0: Called Strike 0-1: Ball 1-1: Ball 2-1: Ball 3-1: Base on Balls Kaeo Zirpoli to second
|
Batting: LHB Bi-jun Chien
|
0-0: Grounds into double play, 4-6-3 (Groundball, 4, EV 84.4 MPH) Kaeo Zirpoli to third
|
Batting: RHB Jose Vasquez
|
0-0: Ball 1-0: Called Strike 1-1: Ball 2-1: Foul Ball, location: 2F 2-2: Ball 3-2: Ground out U3 (Groundball, 34S, EV 90.0 MPH)
|
Bottom of the 9th over - 0 runs, 1 hit, 0 errors, 1 left on base; Houston 5 - Seattle 3 |
|